[Event "Titled Tuesday Blitz November 16 2021"]
[White "Korchmar, Vasiliy"]
[Black "Khanin, Semen"]
[WhiteFideId "24131750"]
[BlackFideId "4111990"]
[WhiteElo "2370"]
[BlackElo "2442"]
[Result "0-1"]
[Round "07"]
[TimeControl "180+1"]
[Date "2021.11.16"]
[WhiteClock "0:00:02"]
[BlackClock "0:00:04"]

1. e4 c5 2. Nf3 Nc6 3. d4 cxd4 4. Nxd4 g6 5. c4 Bg7 6. Be3 Nf6 7. Nc3 d6 8. Be2 O-O 9. O-O Bd7 10. Qd2 Nxd4 11. Bxd4 Bc6 12. f3 a5 13. b3 Nd7 14. Be3 Nc5 15. Rab1 e6 16. Rfd1 Be5 17. Bf2 h5 18. Nb5 Bxb5 19. cxb5 Qf6 20. b6 h4 21. Be3 Rfc8 22. Bg5 Qh8 23. Bb5 Qh5 24. Be7 h3 25. g4 Qh8 26. Bxd6 Rd8 27. Bxe5 Qxe5 28. Qe2 Rd4 29. Rxd4 Qxd4+ 30. Qf2 Qb4 31. a4 Rd8 32. Qe3 Rd2 33. Rc1 Rg2+ 34. Kh1 Nxb3 35. Rb1 Qd2 36. Qxd2 Nxd2 37. Rb2 Nxf3 38. Rxg2 hxg2+ 39. Kxg2 Nd4 40. Bd7 Nb3 41. Bc8 Nc5 42. Kf3 e5 43. h4 f6 44. Ke2 Nxa4 45. Bxb7 Nxb6 46. Kd3 Kf8 47. h5 gxh5 48. gxh5 Kg7 0-1


[Site "https://www.chess.com"]

[Event "Titled Tuesday Blitz November 16 2021"]
[White "Kryakvin, Dmitry"]
[Black "Tillyaev, Ulugbek"]
[WhiteFideId "4153278"]
[BlackFideId "14202441"]
[WhiteElo "2372"]
[BlackElo "2341"]
[Result "1/2-1/2"]
[Round "07"]
[TimeControl "180+1"]
[Date "2021.11.16"]
[WhiteClock "0:00:15"]
[BlackClock "0:00:11"]

1. Nf3 Nf6 2. c4 g6 3. g3 Bg7 4. Bg2 O-O 5. O-O d6 6. Nc3 c6 7. d3 e5 8. Rb1 a5 9. a3 Bf5 10. b4 axb4 11. axb4 Qc8 12. b5 Bh3 13. bxc6 bxc6 14. Bd2 Bxg2 15. Kxg2 Re8 16. Qb3 Nbd7 17. Qb7 Qxb7 18. Rxb7 Nc5 19. Rb6 Rac8 20. Be3 e4 21. dxe4 Nfd7 22. Bxc5 Nxb6 23. Bxb6 Bxc3 24. Rc1 Bf6 25. Nd2 Rb8 26. Be3 Rb2 27. c5 dxc5 28. Rxc5 Re6 29. Kf3 h5 30. h4 Rb5 31. Rc1 Be7 32. Ra1 Bc5 33. Ra8+ Kg7 34. Bf4 Bd4 35. Nc4 Rc5 36. Ne3 Be5 37. Bg5 Rc3 38. Rc8 c5 39. Kg2 f6 40. Bf4 Bxf4 41. gxf4 Rxe4 42. Rc7+ Kf8 43. Nd5 Rc2 44. e3 Re6 45. f5 gxf5 46. Kf3 c4 47. Nf4 Rd6 48. Nxh5 Rdd2 49. Nxf6 Rxf2+ 50. Kg3 Rf1 51. Rd7 Re2 52. Nh7+ Kg8 53. Nf6+ Kf8 54. Nh7+ Ke8 55. Nf6+ Kf8 1/2-1/2


[Site "https://www.chess.com"]

[Event "Titled Tuesday Blitz November 16 2021"]
[White "Lavrov, Maxim"]
[Black "Erdogmus, Yagiz Kaan"]
[WhiteFideId "4166418"]
[BlackFideId "44599790"]
[WhiteElo "2192"]
[BlackElo "1783"]
[Result "1-0"]
[Round "07"]
[TimeControl "180+1"]
[Date "2021.11.16"]
[WhiteClock "0:02:04"]
[BlackClock "0:02:03"]

1. e4 c5 2. c3 Nf6 3. e5 Nd5 4. d4 cxd4 5. Nf3 Nc6 6. Bc4 Nb6 7. Bb3 dxc3 8. O-O d5 9. exd6 Qxd6 10. Nxc3 Qxd1 11. Rxd1 a6 12. Be3 Nd7 13. Nd5 Kd8 14. Ng5 Nce5 15. Nb6 Rb8 16. Nxf7+ Nxf7 17. Bxf7 1-0


[Site "https://www.chess.com"]

[Event "Titled Tuesday Blitz November 16 2021"]
[White "Liyanage, Ranindu Dilshan"]
[Black "Pichot, Alan"]
[WhiteFideId "9915834"]
[BlackFideId "110973"]
[WhiteElo "1839"]
[BlackElo "2600"]
[Result "0-1"]
[Round "07"]
[TimeControl "180+1"]
[Date "2021.11.16"]
[WhiteClock "0:00:02"]
[BlackClock "0:00:23"]

1. e4 c5 2. Nf3 d6 3. d4 cxd4 4. Nxd4 Nf6 5. Nc3 a6 6. h3 e5 7. Nb3 Be7 8. g4 Be6 9. g5 Nfd7 10. h4 b5 11. Be3 Nb6 12. a4 Nc4 13. axb5 Nxe3 14. fxe3 h6 15. Nd5 hxg5 16. b6 Nd7 17. Nc7+ Kf8 18. Nxa8 Qxa8 19. Qd3 g4 20. Qxa6 Qe8 21. Qa8 Nb8 22. Bb5 Qd8 23. b7 g6 24. Na5 Kg7 25. Nc6 Qc7 26. Qa5 Qxb7 27. Nxe7 Qxe7 28. O-O-O Rxh4 29. Be2 g3 30. Qe1 Rxh1 31. Qxh1 Qg5 32. Qg1 Nd7 33. Rf1 Nf6 34. Bf3 Bg4 35. Bxg4 Qxg4 36. Kb1 Nxe4 37. Qg2 f5 38. c4 Qg5 39. Qf3 Nd2+ 0-1


[Site "https://www.chess.com"]

[Event "Titled Tuesday Blitz November 16 2021"]
[White "Martinez Alcantara, Jose Eduardo"]
[Black "Alavi, Sayed Javad"]
[WhiteFideId "3805662"]
[BlackFideId "12500607"]
[WhiteElo "2690"]
[BlackElo "2495"]
[Result "1-0"]
[Round "07"]
[TimeControl "180+1"]
[Date "2021.11.16"]
[WhiteClock "0:00:26"]
[BlackClock "0:00:04"]

1. e4 e5 2. Nf3 Nc6 3. Bb5 a6 4. Ba4 d6 5. c3 Bd7 6. d4 g6 7. Be3 Bg7 8. Nbd2 Nge7 9. h4 h6 10. Nf1 O-O 11. Ng3 exd4 12. cxd4 Bg4 13. Qd2 h5 14. Bb3 d5 15. e5 Nf5 16. Nxf5 Bxf5 17. Bc2 Ne7 18. Bh6 Qd7 19. Bxg7 Kxg7 20. Bxf5 Nxf5 21. Rc1 Qb5 22. Rc5 Qd7 23. O-O c6 24. a4 Rfe8 25. a5 Qe7 26. g3 f6 27. Rc3 fxe5 28. dxe5 Rad8 29. Rb3 d4 30. Re1 c5 31. Rb6 c4 32. Re4 d3 33. Rxc4 Rf8 34. Ng5 Qxe5 35. Rc7+ Qxc7 36. Ne6+ Kh7 37. Nxc7 1-0


[Site "https://www.chess.com"]

[Event "Titled Tuesday Blitz November 16 2021"]
[White "Nagy, Gabor"]
[Black "Papasimakopoulos, Alexandros"]
[WhiteFideId "737119"]
[BlackFideId "4244125"]
[WhiteElo "2534"]
[BlackElo "2394"]
[Result "1-0"]
[Round "07"]
[TimeControl "180+1"]
[Date "2021.11.16"]
[WhiteClock "0:01:46"]
[BlackClock "0:01:14"]

1. Nf3 f5 2. b3 d6 3. d4 Nf6 4. Bb2 g6 5. e3 Bg7 6. Be2 O-O 7. O-O Ne4 8. Nfd2 e6 9. c4 d5 10. Nc3 c6 11. Qc2 Nd7 12. Rad1 Qg5 13. Ba3 Re8 14. Nf3 Qd8 15. Bd3 h6 16. Ne2 g5 17. Ne1 g4 18. Nf4 Nf8 19. f3 gxf3 20. gxf3 Ng5 21. Kh1 Nfh7 22. Qg2 Nf6 23. Rg1 Qd7 24. Be2 a5 25. Ned3 a4 26. Ne5 Qc7 27. b4 b5 28. cxb5 cxb5 29. Rc1 Qb7 30. h4 Ngh7 31. Bxb5 Rf8 32. Bc6 1-0


[Site "https://www.chess.com"]

[Event "Titled Tuesday Blitz November 16 2021"]
[White "Nesterov, Arseniy"]
[Black "Yaksin, Oleg"]
[WhiteFideId "24198455"]
[BlackFideId "24105880"]
[WhiteElo "2489"]
[BlackElo "2256"]
[Result "1-0"]
[Round "07"]
[TimeControl "180+1"]
[Date "2021.11.16"]
[WhiteClock "0:00:05"]
[BlackClock "0:00:01"]

1. d4 Nf6 2. c4 e6 3. Nf3 b6 4. g3 Bb7 5. Bg2 Be7 6. O-O O-O 7. Nc3 Ne4 8. Bd2 Bf6 9. Qc2 Nxd2 10. Qxd2 d6 11. Rad1 Nd7 12. e4 Qe7 13. Rfe1 g6 14. d5 a6 15. Nd4 Ne5 16. Qe2 Rae8 17. Bh3 c5 18. Nc2 b5 19. cxb5 axb5 20. dxe6 fxe6 21. Nxb5 Rd8 22. Bg2 c4 23. b3 Nd3 24. Rf1 Nb2 25. Rc1 cxb3 26. axb3 Rb8 27. Ncd4 Ba6 28. Qxb2 Bxb5 29. Rfd1 Rfc8 30. Rxc8+ Rxc8 31. Qd2 Ba6 32. Bh3 Rf8 33. Nxe6 Rf7 34. Qxd6 Qb7 35. Nc5 Qb4 36. Be6 1-0


[Site "https://www.chess.com"]

[Event "Titled Tuesday Blitz November 16 2021"]
[White "Ozen, Bahadir"]
[Black "Le, Tuan Minh"]
[WhiteFideId "6337058"]
[BlackFideId "12401153"]
[WhiteElo "2503"]
[BlackElo "2450"]
[Result "1/2-1/2"]
[Round "07"]
[TimeControl "180+1"]
[Date "2021.11.16"]
[WhiteClock "0:00:04"]
[BlackClock "0:00:09"]

1. c4 c6 2. Nf3 d5 3. e3 Nf6 4. Nc3 a6 5. d4 Bf5 6. Bd3 Bg6 7. O-O e6 8. b3 Nbd7 9. Bb2 Bd6 10. Qc2 b5 11. Bxg6 hxg6 12. h3 Be7 13. Rac1 O-O 14. cxd5 cxd5 15. a4 Qb6 16. Qd3 Rfb8 17. axb5 axb5 18. Ra1 b4 19. Rxa8 Rxa8 20. Na4 Qb7 21. Rc1 Rc8 22. Qb1 Ne4 23. Rxc8+ Qxc8 24. Qc1 Qa6 25. Qc2 Bd6 26. g3 f6 27. Kg2 g5 28. Ne1 f5 29. Nd3 g4 30. hxg4 fxg4 31. Nac5 Qc8 32. Qe2 Ndf6 33. Nxb4 Ng5 34. Nbd3 Qe8 35. Nf4 Kf7 36. Qa6 Bxf4 37. exf4 Nge4 38. Nxe4 Nxe4 39. Qe2 Nf6 40. Ba3 Qb8 41. Qd3 Qh8 42. Bd6 Ne4 43. Be5 Qa8 44. f5 Qa2 45. fxe6+ Kxe6 46. Qe3 Qc2 47. b4 g5 48. b5 Qb2 49. b6 Qxb6 50. Qa3 Kd7 51. Qa4+ Qc6 52. Qa7+ Kc8 53. Qf7 Qc3 54. Qf5+ Kb7 55. Qxg4 Qc4 56. Qd7+ Ka6 57. Qf5 Nd2 58. Qe6+ Ka5 59. Qf5 g4 60. Qxg4 Qf1+ 61. Kh2 Qxf2+ 62. Kh3 Nf3 63. Bc7+ Kb4 64. Bd6+ Kc3 65. Qf4 Kd3 66. Kg4 Ke2 67. Be5 Nh2+ 68. Kf5 Nf3 69. g4 Qg2 70. Ke6 Nd2 71. g5 Qh3+ 72. Qf5 Qa3 73. g6 Qa6+ 74. Bd6 Ne4 75. Qxd5 Nc3 76. Qe5+ Kd3 77. d5 Nb5 78. g7 Nd4+ 79. Qxd4+ Kxd4 80. g8=Q Qe2+ 81. Kd7 Qb5+ 82. Ke7 Qe2+ 83. Qe6 Qh5 84. Be5+ Kc5 85. d6 Qh7+ 86. Qf7 Qh4+ 87. Ke6 Qc4+ 88. Kf6 Qh4+ 89. Kg6 Qg4+ 90. Kh7 Qe4+ 91. Qg6 Qxe5 92. d7 Qe7+ 93. Qg7 Qd8 94. Qe5+ Kc6 95. Qe6+ Kc7 96. Kg6 Qxd7 97. Qxd7+ Kxd7 1/2-1/2


[Site "https://www.chess.com"]

[Event "Titled Tuesday Blitz November 16 2021"]
[White "Pour Agha Bala, Amirreza"]
[Black "Saydaliev, Saidakbar"]
[WhiteFideId "12572896"]
[BlackFideId "14203693"]
[WhiteElo "2313"]
[BlackElo "2335"]
[Result "0-1"]
[Round "07"]
[TimeControl "180+1"]
[Date "2021.11.16"]
[WhiteClock "0:00:39"]
[BlackClock "0:00:38"]

1. d4 Nf6 2. c4 c5 3. d5 g6 4. Nc3 Bg7 5. e4 d6 6. f4 O-O 7. Nf3 e6 8. Bd3 exd5 9. cxd5 Na6 10. O-O Nc7 11. h3 Re8 12. Re1 Rb8 13. a4 a6 14. a5 Bd7 15. g4 Bb5 16. Kg2 Qd7 17. Qc2 Rbc8 18. Be3 Bxd3 19. Qxd3 Nb5 20. e5 c4 21. Qd2 Nxc3 22. bxc3 dxe5 23. fxe5 Nxd5 24. Rad1 Nxe3+ 25. Qxe3 Qc6 26. Kf2 Qb5 27. Rb1 Qxa5 28. Rxb7 Rc7 29. Rbb1 Rce7 30. Qd4 Bxe5 31. Nxe5 Rxe5 32. Qxc4 Rxe1 33. Rxe1 Qb6+ 34. Qd4 Qxd4+ 35. cxd4 Rxe1 36. Kxe1 Kf8 37. g5 Ke7 38. Kd2 Kd6 39. Kc2 Kd5 40. Kd3 a5 0-1


[Site "https://www.chess.com"]

[Event "Titled Tuesday Blitz November 16 2021"]
[White "Pranav, V"]
[Black "Paravyan, David"]
[WhiteFideId "25060783"]
[BlackFideId "4194985"]
[WhiteElo "2351"]
[BlackElo "2639"]
[Result "1/2-1/2"]
[Round "07"]
[TimeControl "180+1"]
[Date "2021.11.16"]
[WhiteClock "0:00:07"]
[BlackClock "0:00:12"]

1. e4 c5 2. Nf3 d6 3. Bb5+ Bd7 4. Bxd7+ Qxd7 5. O-O Nc6 6. c3 d5 7. e5 d4 8. cxd4 cxd4 9. d3 e6 10. Nbd2 Nge7 11. Ne4 Ng6 12. Re1 Ngxe5 13. Nxe5 Nxe5 14. f4 Nc6 15. f5 Be7 16. fxe6 Qxe6 17. Bg5 Kf8 18. Rc1 Bxg5 19. Nxg5 Qd5 20. Qh5 Kg8 21. Rc5 Qd7 22. Rf1 Rf8 23. Ne4 f6 24. Qh4 h5 25. Rxh5 Rxh5 26. Qxh5 Ne5 27. Qh4 Qg4 28. Qxg4 Nxg4 29. Rc1 Ne5 30. Nf2 Re8 31. Kf1 Nc6 32. Ne4 Nb4 33. Nf2 Re3 34. Rc7 Nxd3 35. Nxd3 Rxd3 36. Rxb7 Rd2 37. Rxa7 Rxb2 38. Rd7 Rd2 39. a4 d3 40. a5 Kh7 41. a6 Ra2 42. Rxd3 Rxa6 43. Rh3+ Kg6 44. Rf3 Kf7 45. Kf2 g5 46. h3 Kg6 47. Re3 Ra2+ 48. Kg3 f5 49. Re6+ Kh5 50. Re8 f4+ 51. Kf3 Ra3+ 52. Kf2 Ra2+ 53. Kf3 Ra3+ 54. Kf2 Ra2+ 55. Kf3 1/2-1/2


[Site "https://www.chess.com"]

[Event "Titled Tuesday Blitz November 16 2021"]
[White "Rustemov, Alexander"]
[Black "Alavkin, Arseny"]
[WhiteFideId "4119002"]
[BlackFideId "4120612"]
[WhiteElo "2773"]
[BlackElo "2391"]
[Result "0-1"]
[Round "07"]
[TimeControl "180+1"]
[Date "2021.11.16"]
[WhiteClock "0:00:02"]
[BlackClock "0:00:16"]

1. d4 Nf6 2. c4 g6 3. g3 Bg7 4. Bg2 O-O 5. Nc3 d6 6. Nf3 Nc6 7. O-O Bf5 8. Ne1 Qc8 9. e4 Bh3 10. f3 Bxg2 11. Kxg2 e5 12. d5 Nd4 13. Nc2 Nd7 14. Be3 Nxc2 15. Qxc2 f5 16. b4 a5 17. a3 axb4 18. axb4 Rxa1 19. Rxa1 f4 20. Bf2 Nf6 21. c5 g5 22. Qd3 g4 23. Rf1 Bh6 24. Bg1 gxf3+ 25. Rxf3 Qg4 26. Rf1 Qg6 27. Qf3 fxg3 28. Qxg3 Bd2 29. Qxg6+ hxg6 30. Rf3 Bxc3 31. Rxc3 Nxe4 32. Rc2 Rf4 33. Be3 Rg4+ 34. Kf3 Nf6 35. cxd6 cxd6 36. Rc8+ Kf7 37. Rc7+ Ke8 38. Rxb7 e4+ 39. Kf2 Nxd5 40. b5 Rh4 41. Bg5 Rxh2+ 42. Kg3 Rb2 43. Rb8+ Kd7 44. Rb7+ Ke6 45. Rb8 Rb3+ 46. Kg4 Ke5 47. Bh6 Kd4 48. Bg7+ Kc5 49. Rc8+ Kxb5 50. Bd4 Rd3 51. Bf2 Rf3 52. Bg3 Ne3+ 53. Kh4 Nf5+ 54. Kg5 Rxg3+ 55. Kf6 e3 56. Re8 Kc4 0-1


[Site "https://www.chess.com"]

[Event "Titled Tuesday Blitz November 16 2021"]
[White "Sadhwani, Raunak"]
[Black "Zubov, Alexander"]
[WhiteFideId "35093487"]
[BlackFideId "14109409"]
[WhiteElo "2517"]
[BlackElo "2685"]
[Result "0-1"]
[Round "07"]
[TimeControl "180+1"]
[Date "2021.11.16"]
[WhiteClock "0:00:06"]
[BlackClock "0:00:05"]

1. c4 c5 2. Nc3 g6 3. Nf3 Bg7 4. e3 Nf6 5. d4 cxd4 6. exd4 d5 7. Bg5 O-O 8. Bxf6 exf6 9. Nxd5 Bg4 10. Be2 Nc6 11. Ne3 Bxf3 12. Bxf3 Nxd4 13. O-O f5 14. Rb1 Rb8 15. Bd5 b5 16. Nc2 bxc4 17. Bxc4 Qc7 18. b3 Rfd8 19. Nxd4 Rxd4 20. Qe2 Rbd8 21. Rbd1 h5 22. Rxd4 Bxd4 23. Rd1 Qf4 24. Re1 Kg7 25. g3 Qc7 26. Rd1 f4 27. Qf3 fxg3 28. hxg3 Qe7 29. Kg2 Rd6 30. Qe2 Qxe2 31. Bxe2 Bc5 32. Rc1 Bb6 33. Rc2 f5 34. b4 Rd4 35. Bc4 f4 36. a4 fxg3 37. a5 Bd8 38. fxg3 Kh6 39. Bf7 Rxb4 40. Rc6 Rg4 41. a6 Bb6 42. Kf3 Rg5 43. Be8 Kg7 44. Kf4 Rf5+ 45. Ke4 Rg5 46. Kf4 Rg4+ 47. Kf3 Bd4 48. Rd6 Rxg3+ 49. Ke4 Rg4+ 50. Kd5 Bf2 51. Rd7+ Kh6 52. Kc6 Rb4 53. Rd6 Rb6+ 54. Kd5 Rxd6+ 55. Kxd6 g5 56. Ke5 g4 57. Kf4 Bc5 58. Bc6 Bd6+ 59. Ke3 Kg5 60. Kf2 h4 61. Kg2 h3+ 62. Kf2 Kh4 63. Bb7 Bc5+ 64. Kf1 g3 65. Bc6 Kg5 66. Bd5 Kf6 67. Bc6 Ke5 0-1


[Site "https://www.chess.com"]

[Event "Titled Tuesday Blitz November 16 2021"]
[White "Shimelkov, Vasiliy"]
[Black "Bortnyk, Olexandr"]
[WhiteFideId "13701630"]
[BlackFideId "14120828"]
[WhiteElo "2073"]
[BlackElo "2723"]
[Result "0-1"]
[Round "07"]
[TimeControl "180+1"]
[Date "2021.11.16"]
[WhiteClock "0:00:04"]
[BlackClock "0:00:11"]

1. d4 Nf6 2. c4 d6 3. Nf3 g6 4. Nc3 Bf5 5. g3 Bg7 6. Bg2 O-O 7. O-O Ne4 8. Nh4 Nxc3 9. bxc3 Bc8 10. a4 c5 11. a5 a6 12. Ba3 Qxa5 13. Bxc5 Qxc3 14. Rc1 Qa5 15. Ra1 Qc7 16. Ba3 Qxc4 17. e3 Nc6 18. Qb1 Qb5 19. Qc2 g5 20. Rfb1 Qa5 21. Nf3 Qf5 22. Qxf5 Bxf5 23. Rxb7 h6 24. Nd2 Rfc8 25. Rc1 Nxd4 26. exd4 Rxc1+ 27. Bxc1 Bxd4 28. Rxe7 Rc8 29. Nb3 Bf6 30. Re1 a5 31. Ba3 a4 32. Nd2 Bc3 33. Re2 Bd3 34. Re3 Bc2 35. Nf3 d5 36. h4 d4 37. Nxd4 Bxd4 38. Re7 gxh4 39. gxh4 Bb3 40. Bh3 Rc2 41. Re8+ Kg7 42. Bf8+ Kg6 43. h5+ Kxh5 44. Kg2 Bd5+ 45. Kg3 Bxf2+ 46. Kf4 Rc4+ 47. Kf5 Be6+ 48. Kf6 Bxh3 49. Re5+ Kg4 50. Bxh6 Bd4 0-1


[Site "https://www.chess.com"]

[Event "Titled Tuesday Blitz November 16 2021"]
[White "Shipov, Sergei"]
[Black "Ghazarian, Kirk"]
[WhiteFideId "4113624"]
[BlackFideId "30908604"]
[WhiteElo "2783"]
[BlackElo "2003"]
[Result "0-1"]
[Round "07"]
[TimeControl "180+1"]
[Date "2021.11.16"]
[WhiteClock "0:00:05"]
[BlackClock "0:00:03"]

1. d4 Nf6 2. c4 c6 3. Nc3 d5 4. Nf3 a6 5. h3 b5 6. c5 g6 7. Bf4 Bg7 8. e3 Bf5 9. g4 Be6 10. Bd3 Nbd7 11. b4 O-O 12. a4 a5 13. axb5 axb4 14. bxc6 Nxc5 15. dxc5 bxc3 16. c7 Rxa1 17. Qxa1 Qc8 18. O-O Ne4 19. Qa5 Bxg4 20. Nh2 Bxh3 21. Rb1 g5 22. Rb8 Qe6 23. Bxg5 Nxg5 24. Be2 c2 25. Qd2 Ne4 26. Qxc2 Qg6+ 27. Bg4 Bxg4 28. Nxg4 Qxg4+ 29. Kf1 Qd7 30. Rxf8+ Bxf8 31. Qb3 Qxc7 32. Qxd5 Nf6 0-1


[Site "https://www.chess.com"]

[Event "Titled Tuesday Blitz November 16 2021"]
[White "Shyaamnikhil P"]
[Black "Tahbaz, Arash"]
[WhiteFideId "5024218"]
[BlackFideId "12528846"]
[WhiteElo "2300"]
[BlackElo "2377"]
[Result "0-1"]
[Round "07"]
[TimeControl "180+1"]
[Date "2021.11.16"]
[WhiteClock "0:00:03"]
[BlackClock "0:00:05"]

1. e3 Nf6 2. g4 d5 3. g5 Ne4 4. h4 e5 5. c4 d4 6. d3 dxe3 7. Bxe3 Bb4+ 8. Nd2 Nxd2 9. Bxd2 Bxd2+ 10. Qxd2 Nc6 11. Bg2 Bf5 12. Bxc6+ bxc6 13. O-O-O O-O 14. Ne2 Qd6 15. Ng3 Bg4 16. Rde1 Rfd8 17. Re3 Be6 18. Qc3 a5 19. Rd1 Qd4 20. Qxd4 Rxd4 21. Rxe5 Rxh4 22. Rh1 Rxh1+ 23. Nxh1 Kf8 24. f4 h5 25. gxh6 gxh6 26. f5 Bd7 27. f6 Re8 28. Rxe8+ Kxe8 29. Kd2 Bf5 30. Ng3 Bg6 31. Ne2 c5 32. d4 cxd4 33. Nxd4 Kd7 34. c5 Be4 35. Ke3 Bd5 36. b3 Ke8 37. Kf4 Kf8 38. a3 Kg8 39. b4 axb4 40. axb4 Kf8 41. Ke5 Bg2 42. b5 Ke8 43. c6 h5 44. Kf4 h4 45. Kg4 h3 46. Kg3 Kd8 47. Kh2 Kc8 48. Nf5 Bf1 49. Nd4 Kb8 50. Kg1 Bg2 51. Nf5 Ka7 52. Nh6 Bd5 53. Kh2 Be6 54. Ng8 Kb6 55. Ne7 Kxb5 0-1


[Site "https://www.chess.com"]

[Event "Titled Tuesday Blitz November 16 2021"]
[White "Sjugirov, Sanan"]
[Black "Tabatabaei, M. Amin"]
[WhiteFideId "4189302"]
[BlackFideId "12521213"]
[WhiteElo "2653"]
[BlackElo "2555"]
[Result "0-1"]
[Round "07"]
[TimeControl "180+1"]
[Date "2021.11.16"]
[WhiteClock "0:00:01"]
[BlackClock "0:00:07"]

1. e4 c5 2. Nf3 d6 3. Bb5+ Nd7 4. d4 cxd4 5. O-O a6 6. Bxd7+ Bxd7 7. Qxd4 Nf6 8. Bg5 e6 9. Nbd2 Rc8 10. Rfd1 Bb5 11. c4 Bc6 12. e5 dxe5 13. Qxd8+ Rxd8 14. Nxe5 Rc8 15. Nxc6 Rxc6 16. b3 h6 17. Bh4 Bc5 18. Ne4 Be7 19. Nxf6+ Bxf6 20. Bxf6 gxf6 21. Rd4 Ke7 22. Rad1 Rc7 23. g3 h5 24. Kg2 f5 25. Kh3 b5 26. cxb5 axb5 27. R1d2 Kf6 28. a4 bxa4 29. bxa4 Rc3 30. Rh4 Ra3 31. Kg2 Kg5 32. Rd7 Kg6 33. Rd2 Ra8 34. Rdd4 Ra2 35. h3 Kg5 36. Rd7 Kg6 37. Rdd4 e5 38. Rb4 Rd8 39. Rb1 Rdd2 40. Rf1 Kg5 41. Rb4 f6 42. h4+ Kg6 43. Rc4 e4 44. Rc3 Rxa4 45. Rc8 Raa2 46. Re8 Kf7 47. Rc8 e3 48. Rc3 e2 49. Rc7+ Ke6 50. Rb1 Rd1 51. Rb6+ Kd5 52. Rd7+ Kc5 0-1


[Site "https://www.chess.com"]

[Event "Titled Tuesday Blitz November 16 2021"]
[White "Spata, German"]
[Black "Rozman, Levy"]
[WhiteFideId "113026"]
[BlackFideId "2039877"]
[WhiteElo "2238"]
[BlackElo "2376"]
[Result "0-1"]
[Round "07"]
[TimeControl "180+1"]
[Date "2021.11.16"]
[WhiteClock "0:00:02"]
[BlackClock "0:00:05"]

1. Nf3 d5 2. b3 Bg4 3. Bb2 Bxf3 4. exf3 e6 5. g3 Nf6 6. Bg2 g6 7. O-O Bg7 8. d3 O-O 9. f4 c6 10. Nd2 a5 11. a4 Nbd7 12. Nf3 Qc7 13. Ne5 Ne8 14. Nxd7 Qxd7 15. Bxg7 Kxg7 16. Qe2 f6 17. Rfe1 Nc7 18. d4 Qd6 19. Qd2 b6 20. Bh3 Rae8 21. Re2 Re7 22. Rae1 Rfe8 23. c3 c5 24. Qd3 e5 25. dxe5 fxe5 26. fxe5 Rxe5 27. Bg2 Rxe2 28. Rxe2 Rxe2 29. Qxe2 d4 30. cxd4 cxd4 31. Be4 Ne6 32. Qa6 Nc5 33. Qa7+ Kh6 34. Bc2 d3 35. Bd1 d2 36. Qf7 Ne4 37. Qc4 Qe5 38. Qd3 Kg7 39. Bf3 Ng5 40. Qd7+ Kf6 41. Qd8+ Qe7 42. Qd4+ Qe5 43. Qd8+ Kf5 44. Qd3+ Ke6 45. Bg4+ Kf6 46. Qxd2 h5 47. Be2 Ne6 48. Qe3 Qxe3 49. fxe3 Ke5 50. Kf2 Nc5 51. Bc4 g5 52. h4 g4 53. Bf7 Ne4+ 54. Kg2 Nf6 55. Kf2 Ke4 56. Ke2 Ke5 57. Kd3 Ne4 58. Bxh5 Kd5 59. Ke2 Nxg3+ 60. Kd3 Nxh5 61. e4+ Ke5 62. Ke3 Nf6 63. Kf2 Kxe4 64. Kg3 Kf5 0-1


[Site "https://www.chess.com"]

[Event "Titled Tuesday Blitz November 16 2021"]
[White "Stoyanov, Tsvetan"]
[Black "Antipov, Mikhail Al."]
[WhiteFideId "2917173"]
[BlackFideId "4107012"]
[WhiteElo "2191"]
[BlackElo "2587"]
[Result "0-1"]
[Round "07"]
[TimeControl "180+1"]
[Date "2021.11.16"]
[WhiteClock "0:00:03"]
[BlackClock "0:00:05"]

1. e4 c5 2. Nf3 d6 3. Bb5+ Nc6 4. O-O Bd7 5. d4 cxd4 6. Nxd4 Nf6 7. Nc3 e5 8. Nxc6 bxc6 9. Bc4 Be7 10. Kh1 O-O 11. f4 exf4 12. Bxf4 Be6 13. Bxe6 fxe6 14. e5 Nd5 15. exd6 Bxd6 16. Bxd6 Qxd6 17. Qd3 Qb4 18. Ne4 h6 19. c4 Nf4 20. Qe3 Qxb2 21. Qf2 Qxf2 22. Rxf2 Rad8 23. Nc5 Rd4 24. Raf1 Rxc4 25. Nd7 Rf5 26. g3 Rd5 27. Nb8 Nh3 28. Rf8+ Kh7 29. R8f7 Rc2 30. Nd7 Rdd2 31. Nf6+ Kg6 32. Ng4 h5 33. Ne5+ Kh7 34. Nf3 Rf2 35. Rxf2 Rxf2 36. Ng5+ Kg6 37. Rxf2 Nxf2+ 38. Kg2 Kxg5 0-1


[Site "https://www.chess.com"]

[Event "Titled Tuesday Blitz November 16 2021"]
[White "Svane, Frederik"]
[Black "Yanchenko, Roman"]
[WhiteFideId "12923044"]
[BlackFideId "4137329"]
[WhiteElo "2459"]
[BlackElo "2514"]
[Result "0-1"]
[Round "07"]
[TimeControl "180+1"]
[Date "2021.11.16"]
[WhiteClock "0:00:06"]
[BlackClock "0:00:13"]

1. e4 e6 2. d4 d5 3. Nd2 c5 4. exd5 exd5 5. Ngf3 Nc6 6. Bb5 c4 7. O-O Bd6 8. b3 cxb3 9. axb3 Ne7 10. Re1 O-O 11. Bb2 Bf5 12. Nf1 Rc8 13. Ne3 Be4 14. c4 a6 15. Bxc6 Nxc6 16. Nd2 Nb4 17. Nxe4 dxe4 18. Qg4 Nd3 19. Re2 Nxb2 20. Rxb2 Re8 21. Rd1 g6 22. c5 Bf8 23. b4 Bg7 24. Rbd2 f5 25. Qf4 Bf6 26. Nc4 Bg5 27. Qd6 Bxd2 28. Rxd2 Rc6 29. Qxd8 Rxd8 30. d5 Rf6 31. Kf1 f4 32. Ke2 g5 33. Rd4 Kg7 34. Na5 Rf7 35. d6 f3+ 36. gxf3 exf3+ 37. Kd3 h5 38. c6 bxc6 39. Nxc6 Rdd7 40. Ne5 Kf6 41. Nxf7 Kxf7 42. Kc4 Ke6 43. Kc5 Rd8 44. Kc6 Rc8+ 45. Kb7 Kd7 46. Kxa6 Rc2 47. b5 Ra2+ 48. Kb6 Rxf2 49. Rd5 g4 50. Rxh5 Kxd6 51. Ka7 Ra2+ 52. Kb7 Ke6 53. Rh8 Ke7 54. Rh5 Kf6 55. Rh8 Ke7 56. Rh5 Rg2 57. b6 f2 58. Rf5 Rxh2 59. Kc7 g3 60. b7 Rh8 61. Rf3 g2 62. Rxf2 g1=Q 63. Re2+ Kf6 64. Rc2 Qg3+ 65. Kb6 Qb3+ 66. Ka7 Qxc2 67. Ka6 Qa4+ 68. Kb6 Rb8 69. Kc7 Qa7 70. Kc6 Rxb7 71. Kd6 0-1


[Site "https://www.chess.com"]

[Event "Titled Tuesday Blitz November 16 2021"]
[White "Sviridov, Valery"]
[Black "Sarana, Alexey"]
[WhiteFideId "4120680"]
[BlackFideId "24133795"]
[WhiteElo "2454"]
[BlackElo "2689"]
[Result "1-0"]
[Round "07"]
[TimeControl "180+1"]
[Date "2021.11.16"]
[WhiteClock "0:00:18"]
[BlackClock "0:00:06"]

1. Nf3 g6 2. g3 Bg7 3. Bg2 e5 4. O-O Ne7 5. c4 c6 6. Nc3 d5 7. d3 O-O 8. Bg5 d4 9. Na4 b6 10. b4 Be6 11. Rb1 Nd7 12. Bd2 Rc8 13. Ng5 Bf5 14. Ne4 Nf6 15. Nxf6+ Bxf6 16. b5 c5 17. Nb2 h5 18. a4 h4 19. a5 h3 20. Bh1 Be6 21. Ra1 Nf5 22. axb6 axb6 23. Ra6 Rb8 24. Na4 Qc7 25. e4 dxe3 26. fxe3 Bg5 27. Qe2 Rfd8 28. Nc3 Qd6 29. Nd5 Kg7 30. Be4 Ne7 31. Nxe7 Bxe7 32. Bc3 f5 33. Bc6 Bf6 34. Ra7+ Kg8 35. Rd1 Bxc4 36. e4 Bb3 37. Rd2 Rbc8 38. exf5 Rxc6 39. bxc6 Qxc6 40. fxg6 e4 41. Qh5 Rd7 42. Rxd7 Qxd7 43. Bxf6 e3 44. Qh8# 1-0


[Site "https://www.chess.com"]

[Event "Titled Tuesday Blitz November 16 2021"]
[White "Tologon tegin, Semetei"]
[Black "Shubin, Kirill"]
[WhiteFideId "13800574"]
[BlackFideId "34119962"]
[WhiteElo "2224"]
[BlackElo "2501"]
[Result "0-1"]
[Round "07"]
[TimeControl "180+1"]
[Date "2021.11.16"]
[WhiteClock "0:00:04"]
[BlackClock "0:00:16"]

1. e4 e6 2. d3 c5 3. Nd2 Nc6 4. g3 g6 5. Bg2 Bg7 6. f4 Nge7 7. Ngf3 O-O 8. O-O d6 9. c3 Rb8 10. Rf2 b5 11. a3 a5 12. Nf1 b4 13. axb4 axb4 14. Qc2 bxc3 15. bxc3 Qb6 16. Be3 Qb3 17. Rc1 Ba6 18. Qd2 Rfd8 19. f5 exf5 20. Bh6 Bh8 21. Ng5 Ne5 22. exf5 Nxf5 23. Rxf5 gxf5 24. Nf3 Ng6 25. Ne3 Bc8 26. Nh4 Qb2 27. Rc2 Qa1+ 28. Kf2 Bb7 29. Nexf5 Bxg2 30. Kxg2 Qa8+ 31. Kh3 Qb7 32. Qg5 Qd7 33. g4 Re8 34. Rf2 Qd8 35. Qh5 Bf6 36. Nf3 Rb3 37. Bg5 Rxc3 38. Nh6+ Kg7 39. Nxf7 Qe7 40. Qh6+ Kg8 41. Bxf6 Qxf6 42. N7g5 Qg7 43. Qh5 Nf4+ 44. Kh4 Nxh5 45. gxh5 Rxd3 46. Rg2 Kh8 47. Rg4 Rf8 48. h3 Qe7 49. Kg3 h6 0-1


[Site "https://www.chess.com"]